 Dungeon Crawl Stone Soup version 0.20-a0-870-g4070442 (webtiles) character file.

1440 M4edhros the Destroyer (level 8, -1/46 HPs)
             Began as an Octopode Conjurer on Mar 14, 2017.
             Slain by an ice beast (4 damage)
             ... on level 6 of the Dungeon.
             The game lasted 00:07:22 (4410 turns).

M4edhros the Destroyer (Octopode Conjurer)          Turns: 4410, Time: 00:07:22

Health: -1/46      AC:  1    Str:  8    XL:     8   Next: 74%
Magic:  19/19      EV: 13    Int: 17    God:
Gold:   260        SH:  0    Dex: 14    Spells: 19/22 levels left

rFire    . . .     SeeInvis .   t - +2 flail (protect)
rCold    . . .     Gourm    .   (no shield)
rNeg     . . .     Faith    .   (helmet restricted)
rPois    .         Spirit   .   (no amulet)
rElec    .         Reflect  .   u - ring of loudness (curse)
rCorr    .         Harm     .   (no ring)
MR       .....                  (no ring)
Stlth    ++........             (no ring)
Regen    0.2/turn               (no ring)
MPRegen  0.2/turn               (no ring)
                                (no ring)
                                (no ring)

@: no status effects
A: almost no armour, stealthy swim, amphibious, 8 rings, constrict 8, camouflage
1, gelatinous body 1
a: no special abilities


You were on level 6 of the Dungeon.
You were not hungry.

You visited 1 branch of the dungeon, and saw 6 of its levels.

You collected 260 gold pieces.

Inventory:

Hand Weapons
 d - a +1 whip of flaming
 h - a +2 dagger of venom
 m - a +2 dagger of speed
 t - a +2 flail of protection (weapon)
Missiles
 y - 31 stones (quivered)
Jewellery
 u - a cursed ring of loudness (left tentacle)
Wands
 j - a wand of polymorph (4/24)
 p - a wand of flame (29/48)
 A - a wand of disintegration (11/24)
 C - a wand of acid (0/15)
Scrolls
 c - 3 scrolls of enchant armour
 e - 4 scrolls of enchant weapon
 l - a scroll of teleportation
 n - 7 scrolls of fog
 o - a scroll of blinking {unknown}
 w - a scroll of amnesia {unknown}
 x - 2 scrolls of immolation
 z - a scroll of remove curse {unknown}
Potions
 i - a potion of mutation {unknown}
 k - a potion of brilliance {unknown}
 q - a potion of heal wounds {unknown}
 r - a potion of haste
 v - a potion of degeneration {unknown}
Books
 a - a book of Conjurations

   Spells                             Type                      Level
   a - Magic Dart                     Conjuration                  1
   b - Searing Ray                    Conjuration                  2
   c - Dazzling Spray                 Conjuration/Hexes            3
   d - Fulminant Prism                Conjuration/Hexes            4
   e - Force Lance                    Conjuration/Translocation    4
   f - Iskenderun's Mystic Blast      Conjuration                  4
Comestibles
 b - 3 bread rations
 g - 3 meat rations
 s - 5 fruits
 B - a royal jelly


   Skills:
 - Level 2.0 Dodging
 - Level 2.6 Stealth
 * Level 7.5 Spellcasting
 + Level 8.0 Conjurations


You had 19 spell levels left.
You knew the following spells:

 Your Spells              Type           Power        Failure   Level  Hunger
a - Magic Dart            Conj           ####         1%          1    None
b - Searing Ray           Conj           ####..       1%          2    None


Dungeon Overview and Level Annotations

Branches:
Dungeon (6/15)
 Temple: D:4-7

Altars:

Annotations:
D:5 SkyBlueFox's ghost, novice DsFE


Innate Abilities, Weirdness & Mutations

You cannot wear most types of armour.
You are very stealthy in the water. (Stealth+)
You are amphibious.
You can wear up to eight rings at the same time.
You can use your tentacles to constrict eight enemies at once.
Your skin changes colour to match your surroundings (Stealth+).
Your rubbery body absorbs attacks. (AC +1, EV +1)


Message History

Aim: an ice beast (moderately wounded)
The bolt of acid misses the ice beast.
Evoking this partially-identified wand wasted a few charges.
The ice beast misses you.
Unknown command.
Evoke which item? (* to show all) (? for menu, Esc to quit)
Aiming: Corrosive Bolt (will waste charges)
Press: ? - help, Shift-Dir - straight line, f/p - ice beast
Aim: an ice beast (moderately wounded)
The bolt of acid misses the ice beast.
Evoking this partially-identified wand wasted a few charges.
The ice beast closely misses you.
Evoke which item? (* to show all) (? for menu, Esc to quit)
Aiming: Corrosive Bolt (will waste charges)
Press: ? - help, Shift-Dir - straight line, f/p - ice beast
Aim: an ice beast (moderately wounded)
The bolt of acid misses the ice beast.
Evoking this partially-identified wand wasted a few charges.
The ice beast hits you.
You die...

#.....# ######
###...####### #.....
### #.........# #.####
#.# #.........####.....
#.###..................
#......#......####.###.
#.####.###'#######.###.
#.# #Y# #.............
#.# #@# #.####........
#.####.###.##.#.##.#...
#...............##.#...
#######..........#.#...
#.##..#.......#..
#.###.....##..#.. #.#
###.####..... #.# #.#
##.### ... ..# #.#


You could see an ice beast.

Vanquished Creatures
  The ghost of SkyBlueFox the Slasher, an amateur BaFi (D:4)
  Grinder (D:5)
  Eustachio (D:5)
  Menkaure (D:5)
  Edmund (D:5)
  An ice beast (D:6)
  A sky beast (D:5)
  An ogre (D:5)
  3 hounds
  2 orc priests
  4 orc wizards
  A hound skeleton (D:4)
  A howler monkey zombie (D:5)
  7 adders
  An adder zombie (D:6)
  A worm (D:3)
  7 leopard geckos
  16 orcs
  5 bats
  2 giant cockroaches
  3 goblins
  A hobgoblin (D:1)
  2 jackals (D:1)
  A ball python (D:1)
  2 frilled lizards
  A giant cockroach zombie (D:6)
  3 rats
71 creatures vanquished.

Notes
Turn   | Place    | Note
-------+----------+-------------------------------------------
     0 | D:1      | M4edhros the Octopode Conjurer began the quest for the Orb.
     0 | D:1      | Reached XP level 1. HP: 11/11 MP: 3/3
   128 | D:1      | Reached XP level 2. HP: 15/17 MP: 0/5
   513 | D:2      | Reached XP level 3. HP: 21/21 MP: 6/6
   774 | D:4      | Noticed SkyBlueFox's ghost (amateur BaFi)
   795 | D:4      | HP: 1/21 [hound skeleton (4)]
  1164 | D:4      | Reached skill level 5 in Conjurations
  1164 | D:4      | Reached XP level 4. HP: 8/27 MP: 5/8
  1406 | D:4      | Reached XP level 5. HP: 21/31 MP: 4/9
  1431 | D:5      | Entered Level 5 of the Dungeon
  1666 | D:5      | Reached skill level 6 in Conjurations
  1686 | D:5      | Learned a level 2 spell: Searing Ray
  1709 | D:5      | Noticed Eustachio
  1712 | D:5      | Reached XP level 6. HP: 18/36 MP: 0/11
  1944 | D:5      | Noticed Edmund
  2009 | D:5      | Killed Edmund
  2009 | D:5      | Reached XP level 7. HP: 19/41 MP: 0/14
  2020 | D:5      | Noticed Grinder
  2132 | D:5      | Reached skill level 5 in Spellcasting
  2317 | D:5      | Killed Grinder
  2317 | D:5      | Reached skill level 7 in Conjurations
  2454 | D:5      | Killed Eustachio
  2454 | D:5      | Reached XP level 8. HP: 17/46 MP: 15/17
  2509 | D:5      | Noticed SkyBlueFox's ghost (novice DsFE)
  2726 | D:5      | Noticed Menkaure
  2733 | D:5      | Killed Menkaure
  3075 | D:4      | Killed SkyBlueFox's ghost
  4249 | D:6      | Reached skill level 8 in Conjurations
  4407 | D:6      | HP: 2/46 [ice beast (13)]
  4410 | D:6      | Slain by an ice beast

Vault maps used:
D:1:      lightli_arrival_lavapool
D:2:      first_bread
D:5:      uniq_menkaure, uniq_edmund, uniq_grinder, uniq_eustachio
D:6:      st_stairs_5

Skill      XL: |  1  2  3  4  5  6  7  8 |
---------------+-------------------------+-----
Conjurations   | 5 6 7 8 |  8.0
Spellcasting   | 3 4 6 7 |  7.5
Dodging        | |  2.0
Stealth        | |  2.6

Action                   |  1- 3 |  4- 6 |  7- 9 || total
-------------------------+-------+-------+-------++-------
Melee: Whip              |    18 |       |       ||    18
       Constrict         |     9 |    15 |    18 ||    42
       Tentacles         |     7 |     9 |    11 ||    27
       Unarmed           |     1 |       |       ||     1
       Dagger            |    18 |    43 |       ||    61
       Flail             |       |       |    66 ||    66
 Cast: Magic Dart        |    24 |    16 |     2 ||    42
       Searing Ray       |       |     7 |    11 ||    18
Evoke: Wand              |       |     1 |    15 ||    16
  Use: Potion            |       |     1 |     3 ||     4
       Scroll            |       |       |     6 ||     6
 Stab: Sleeping          |     5 |     2 |     3 ||    10
  Eat: Chunk             |       |     3 |     6 ||     9
       Royal jelly       |       |       |     1 ||     1
Armor: Skin              |     6 |     2 |    19 ||    27
Dodge: Dodged            |    29 |    28 |    84 ||   141
